 Dungeon Crawl Stone Soup version 0.25.1-2-g60ff931df9 (webtiles) character file.

Game seed: 12829905697319325990

6637 Curus the Cruncher (level 11, 0/62 HPs)
             Began as a Gargoyle Gladiator on Oct 8, 2020.
             Was a High Priest of Okawaru.
             Slain by a blink frog (13 damage)
             ... on level 1 of the Lair of Beasts.
             The game lasted 00:41:42 (8117 turns).

Curus the Cruncher (Gargoyle Gladiator)             Turns: 8117, Time: 00:41:43

Health: 0/62       AC: 21    Str: 18    XL:     11   Next: 2%
Magic:  21/23      EV: 17    Int:  9    God:    Okawaru [*****.]
Gold:   453        SH:  0    Dex: 14    Spells: 10/10 levels left

rFire    . . .     SeeInvis .   B - +3 quarterstaff (chaos)
rCold    . . .     Gourm    .   (shield currently unavailable)
rNeg     + + .     Faith    .   i - +1 leather armour of Muwkaluts {Regen+}
rPois    ∞         Spirit   .   c - +2 helmet
rElec    +         Reflect  .   C - +0 cloak
rCorr    .         Harm     .   (no gloves)
MR       .....     Clarity  +   (no boots)
Stlth    +++.......             (no amulet)
HPRegen  0.60/turn              e - ring of positive energy
MPRegen  0.18/turn              m - ring of magical power

@: heroism
A: thin metallic scales 1, yellow scales 1, clarity, negative energy resistance
1, electricity resistance, unbreathing, petrification resistance, rot immunity,
AC +8
a: Heroism, Finesse, Renounce Religion


You were on level 1 of the Lair of Beasts.
You worshipped Okawaru.
Okawaru was extremely pleased with you.
You were not hungry.

You visited 2 branches of the dungeon, and saw 9 of its levels.

You collected 453 gold pieces.

Inventory:

Hand Weapons
 a - a +1 quarterstaff
 B - a +3 quarterstaff of chaos (weapon)
Missiles
 d - 3 throwing nets (quivered)
Armour
 b - a +0 leather armour
 c - a +2 helmet (worn)
 h - a +0 ring mail
 i - the +1 leather armour of Muwkaluts (worn) {Regen+}
   (You found it on level 4 of the Dungeon)

   It increases your rate of regeneration.
 j - a +2 chain mail of positive energy
 l - +0 fire dragon scales
 s - a scarf of harm
 C - a +0 cloak (worn)
Jewellery
 e - a ring of positive energy (left hand)
 m - a ring of magical power (right hand)
 n - an uncursed amulet of inaccuracy
Wands
 v - a wand of iceblast (8)
 w - a wand of random effects (18)
 y - a wand of digging (5)
 z - a wand of acid (12)
Scrolls
 g - 9 scrolls of identify
 p - 5 scrolls of teleportation
 q - a scroll of blinking
 t - 3 scrolls of remove curse
 u - 2 scrolls of fear
 x - a scroll of fog
Potions
 k - a potion of brilliance
 o - 2 potions of heal wounds
 r - 3 potions of curing
Comestibles
 f - 16 rations


   Skills:
 - Level 4.4(9.4) Fighting
 - Level 14.0(19.0) Staves
 - Level 1.7(6.7) Throwing
 - Level 3.8(8.8) Dodging
 + Level 4.6 Invocations
 + Level 3.8 Evocations


You had 10 spell levels left.
You didn't know any spells.
Your spell library contained the following spells:

 Spells                   Type           Power        Failure   Level  Hunger
 Apportation              Tloc           #.....       43%         1    ##.....
 Corona                   Hex            #......      43%         1    ##.....
 Summon Butterflies       Summ           #.......     43%         1    ##.....
 Ensorcelled Hibernation  Hex/Ice        #.....       58%         2    ###....
 Confusing Touch          Hex            #.......     82%         3    ####...
 Dazzling Flash           Conj/Hex       #.....       82%         3    ####...
 Lesser Beckoning         Tloc           #.........   82%         3    ####...
 Tukima's Dance           Hex            #.......     82%         3    ####...
 Alistair's Intoxication  Tmut/Pois      #.......     100%        5    ######.
 Invisibility             Hex            #.......     100%        6    #######


Dungeon Overview and Level Annotations

Branches:
Dungeon (8/15)             Temple (0/1) D:4            Lair (1/6) D:8

Altars:
Ashenzari
Fedhas
Gozag
Nemelex Xobeh
Okawaru
Ru
Trog
Uskayaw
Wu Jian
Xom
Zin
The Shining One


Innate Abilities, Weirdness & Mutations

You are resistant to torment.
Your stone body is resilient. (AC +8)
You are immune to poison.
You resist negative energy. (rN+)
You are resistant to electric shocks. (rElec)
You can survive without breathing.
You are immune to petrification.
You are immune to rotting.
You are partially covered in thin metallic scales. (AC +2)
You are partially covered in yellow scales. (AC +2)
You possess an exceptional clarity of mind.


Message History

The blink frog hits you.
You sock the blink frog! You burn the blink frog.
The blink frog is moderately wounded.
The blink frog hits you but does no damage.
The blink frog misses you.
You closely miss the blink frog.
The blink frog is moderately wounded.
The blink frog blinks!
The blink frog hits you but does no damage.
You hit the blink frog.
The blink frog is poisoned.
The blink frog is heavily wounded.
The blink frog blinks!
You miss the blink frog.
The blink frog blinks!
The blink frog hits you.
You closely miss the blink frog. The blink frog hits you!
* * * LOW HITPOINT WARNING * * *
The blink frog blinks!
The blink frog hits you.
* * * LOW HITPOINT WARNING * * *
You gain the combat prowess of a mighty hero.
The blink frog blinks! x2; The blink frog hits you!
You die...

.#..# ##.......##...P......
.#..## #.......#.....P.P.#.
.....# #........P....##...
.....#########...###.##...PP
#.#. .................
.P..............#
##...###.#.#+##.#
.....#........#§##
#....#........#F@#
###...........#F## #
##...........#F.###.##h
P#...+..........FF§..F..
.....#........#.§...F§..
......######..P§..§.....
........................
######.######P####.#.### ###
### ####


You could see 3 blink frogs.

Vanquished Creatures
  Pikel (D:4)
  An ugly thing (D:8)
  2 black mambas (Lair:1)
  3 polar bears (Lair:1)
  2 blink frogs (Lair:1)
  A spriggan (D:7)
  Menkaure (D:4)
  3 porcupines (D:8)
  3 black bears
  2 orc warriors
  A phantom (D:5)
  An ice beast (D:7)
  2 sky beasts (D:7)
  3 ogres
  2 wolves (D:8)
  2 centaurs
  7 crocodiles
  2 bullfrogs (D:7)
  A wyvern zombie (D:8)
  A scorpion (D:8)
  8 killer bees (D:7)
  A howler monkey (D:6)
  A crimson imp (D:6)
  A quasit (D:6)
  3 hounds
  An orc priest (D:6)
  A jelly (D:7)
  7 orc wizards
  Crazy Yiuf (D:7)
  3 bullfrog skeletons
  2 centaur skeletons
  3 iguanas
  3 worker ants
  A worker ant zombie (D:5)
  15 adders
  A gnoll (D:4)
  3 shadow imps
  An adder zombie (D:7)
  2 oozes
  5 worms
  4 dart slugs
  3 leopard geckos
  30 orcs
  11 giant cockroaches
  5 goblins
  9 hobgoblins
  5 jackals (D:2)
  7 quokkas
  2 ball pythons
  6 bats
  6 frilled lizards
  10 kobolds
  A quokka skeleton (D:6)
  10 rats
213 creatures vanquished.

Vanquished Creatures (others)
  An adder (D:4)
  2 gnolls (D:4)
  3 plants (D:8)
6 creatures vanquished.

Grand Total: 219 creatures vanquished

Notes
Turn   | Place    | Note
-------+----------+-------------------------------------------
     0 | D:1      | Curus the Gargoyle Gladiator began the quest for the Orb.
     0 | D:1      | Reached XP level 1. HP: 12/12 MP: 1/1
   183 | D:1      | Reached XP level 2. HP: 17/17 MP: 2/2
   339 | D:1      | Reached skill level 4 in Staves
   419 | D:1      | Found an iron altar of Okawaru.
   431 | D:1      | Reached XP level 3. HP: 21/21 MP: 3/3
   445 | D:1      | Became a worshipper of Warmaster Okawaru
   833 | D:2      | Found a sparkling altar of Nemelex Xobeh.
  1256 | D:2      | Reached XP level 4. HP: 12/26 MP: 4/4
  1585 | D:2      | Reached skill level 5 in Staves
  1801 | D:2      | Found a shimmering altar of Xom.
  2322 | D:3      | Gained mutation: You are partially covered in thin metallic
                  | scales. (AC +2) [potion of mutation]
  2322 | D:3      | Gained mutation: You are partially covered in yellow
                  | scales. (AC +2) [potion of mutation]
  2322 | D:3      | Gained mutation: You possess an exceptional clarity of
                  | mind. [potion of mutation]
  2343 | D:3      | You fall into a shaft and drop 2 floors!
  2343 | D:5      | Entered Level 5 of the Dungeon
  2418 | D:4      | Noticed a slave
  2423 | D:4      | Noticed Pikel
  2425 | D:4      | Noticed a slave
  2441 | D:4      | Killed Pikel
  2441 | D:4      | Reached * piety under Okawaru
  2441 | D:4      | Reached skill level 8 in Staves
  2441 | D:4      | Reached XP level 5. HP: 26/30 MP: 5/5
  2441 | D:4      | Reached XP level 6. HP: 31/35 MP: 6/6
  2441 | D:4      | Reached XP level 7. HP: 35/40 MP: 7/7
  2519 | D:4      | Noticed Menkaure
  2532 | D:4      | Killed Menkaure
  2765 | D:4      | Found a staircase to the Ecumenical Temple.
  2936 | D:3      | Reached ** piety under Okawaru
  3110 | D:3      | Reached skill level 9 in Staves
  3824 | D:4      | Got a translucent leather armour
  3835 | D:4      | Identified the +1 leather armour of Muwkaluts {Regen+} (You
                  | found it on level 4 of the Dungeon)
  3845 | D:4      | Reached XP level 8. HP: 33/44 MP: 8/8
  4555 | D:5      | Reached skill level 10 in Staves
  4629 | D:5      | Found an ornate altar of the Wu Jian Council.
  4958 | D:5      | Found an opulent altar of Gozag.
  4959 | D:5      | Found a blossoming altar of Fedhas.
  4982 | D:5      | Found a glowing silver altar of Zin.
  4984 | D:5      | Found a glowing golden altar of the Shining One.
  5226 | D:6      | Found a sacrificial altar of Ru.
  5394 | D:6      | Reached *** piety under Okawaru
  5394 | D:6      | Reached skill level 11 in Staves
  5575 | D:6      | You fall into a shaft and drop 1 floor!
  5581 | D:7      | Reached XP level 9. HP: 44/48 MP: 9/9
  5682 | D:7      | Found a shattered altar of Ashenzari.
  5683 | D:7      | Found a hide-covered altar of Uskayaw.
  5721 | D:7      | Reached skill level 12 in Staves
  5842 | D:7      | Found a runed translucent door.
  5843 | D:7      | Noticed Crazy Yiuf
  5956 | D:7      | Reached **** piety under Okawaru
  6362 | D:7      | Reached skill level 13 in Staves
  6681 | D:6      | Found a bloodstained altar of Trog.
  7361 | D:7      | Killed Crazy Yiuf
  7516 | D:8      | Reached XP level 10. HP: 53/53 MP: 10/10
  7641 | D:8      | Noticed a green ugly thing
  7656 | D:8      | Killed a green ugly thing
  7656 | D:8      | Received a gift from Okawaru
  7663 | D:8      | Reached skill level 14 in Staves
  7712 | D:8      | Reached ***** piety under Okawaru
  7783 | D:8      | Found a staircase to the Lair.
  7805 | Lair:1   | Entered Level 1 of the Lair of Beasts
  7856 | Lair:1   | Reached skill level 1 in Invocations
  7856 | Lair:1   | Reached skill level 1 in Evocations
  7971 | Lair:1   | Noticed a black mamba
  7971 | Lair:1   | Noticed a black mamba
  7997 | Lair:1   | Killed a black mamba
  8002 | Lair:1   | Killed a black mamba
  8110 | Lair:1   | Reached XP level 11. HP: 26/62 MP: 14/14
  8117 | Lair:1   | Slain by a blink frog

Illustrated notes

Levels and vault maps discovered:
D:1:      scummos_arrival_simple_crosswalls, layout_rooms,
          minmay_misc_feat_alley, serial_park_tiny_pond, minivault_26,
          okawaru_ov_weapons_minmay
D:2:      minmay_spotlight, layout_basic, nicolae_overflow_hidden_temple,
          chequers_serial_rivers_room_b, minmay_hedge_maze,
          chequers_serial_rivers_large_a, nemelex_spade_bored_becter
D:3:      minmay_thinvault, layout_basic, serial_bayou_lake_a
D:4:      layout_basic, temple_pool_b, first_ration, corexii_hall_statues_t,
          minmay_misc_feat_plants, uniq_pikel, uniq_menkaure
D:5:      layout_loops_ring, old_standard_altar, minitemple, hex_tiny,
          kennysheep_generic_room_16
D:6:      layout_basic, nicolae_ru_great_annihilating_truth, trog_book
D:7:      layout_loops_corners, gammafunk_temple_overflow_statue, the_bakery,
          kennysheep_path_1, chequers_serial_rivers_room_a,
          uniq_crazy_yiuf_cottage
D:8:      layout_gridville, minmay_lair_entry_grove, serial_shops,
          nicolae_shop_window_shopping, nicolae_shop_behind_doors,
          hangedman_abyss_or_decor_lesser_grid, hangedman_decor_peaks_small
Lair:1:   layout_chaotic_city, cheibrodos_lair_lostbears,
          minmay_lair_oklob_chamber

Skill      XL: |  1  2  3  4  5  6  7  8  9 10 |
---------------+-------------------------------+-----
Staves         | 4 8 9 11 13 14 | 14.0
Fighting       | 4 |  4.4
Dodging        | 3 |  3.8
Invocations    | 4 |  4.6
Evocations     | 3 |  3.8
Throwing       | |  1.7

Action                   |  1- 3 |  4- 6 |  7- 9 | 10-12 || total
-------------------------+-------+-------+-------+-------++-------
Melee: Quarterstaff      |   114 |   115 |   489 |   190 ||   908
Invok: Heroism           |       |       |     2 |     3 ||     5
Evoke: Wand              |       |       |     1 |       ||     1
  Use: Potion            |     4 |     3 |     4 |       ||    11
       Scroll            |     2 |     1 |    12 |       ||    15
 Stab: Invisible         |       |       |     6 |       ||     6
       Paralysed         |       |       |     1 |     6 ||     7
       Sleeping          |       |       |     1 |       ||     1
       Petrifying        |       |       |       |     1 ||     1
  Eat: Chunk             |     1 |     4 |    17 |     2 ||    24
Armor: Leather armour    |    18 |       |   187 |   104 ||   309
       Ring mail         |    17 |       |       |       ||    17
       Chain mail        |    53 |    82 |    66 |       ||   201
Dodge: Dodged            |    72 |    46 |   249 |   113 ||   480
